 Dungeon Crawl Stone Soup version 0.24.0-13-gcf9b319 (webtiles) character file.

Game seed: 12562579276164140748, levelgen mode: deterministic

49 Bronimir the Firebug (level 3, 0/27 HPs)
             Began as a Hill Orc Fire Elementalist on Apr 21, 2020.
             Slain by a bullfrog skeleton (7 damage)
             ... on level 2 of the Dungeon.
             The game lasted 00:06:21 (2116 turns).

Bronimir the Firebug (Hill Orc Fire Elementalist)   Turns: 2116, Time: 00:06:21

Health: 0/27       AC:  3    Str: 10    XL:     3   Next: 75%
Magic:  0/5        EV: 12    Int: 16    God:
Gold:   60         SH:  0    Dex: 11    Spells: 4/5 levels left

rFire    . . .     SeeInvis .   g - +0 dagger
rCold    . . .     Gourm    .   (no shield)
rNeg     . . .     Faith    .   a - +0 robe
rPois    .         Spirit   .   (no helmet)
rElec    .         Reflect  .   f - +0 cloak
rCorr    .         Harm     .   (no gloves)
MR       .....                  (no boots)
Stlth    ++........             (no amulet)
HPRegen  0.09/turn              (no ring)
MPRegen  0.09/turn              (no ring)

@: no status effects
A: no striking features
a: no special abilities


You were on level 2 of the Dungeon.
You were not hungry.

You visited 1 branch of the dungeon, and saw 2 of its levels.

You collected 60 gold pieces.

Inventory:

Hand Weapons
 g - a +0 dagger (weapon)
Missiles
 h - 33 poisoned darts (quivered)
 i - 16 stones
 l - 20 arrows
Armour
 a - a +0 robe (worn)
 f - a +0 cloak (worn)
Scrolls
 b - 3 scrolls of identify {unknown}
 e - 2 scrolls of noise {unknown}
 k - a scroll of fear {unknown}
 o - a scroll of teleportation {unknown}
Potions
 d - a potion of ambrosia {unknown}
 j - a potion of degeneration {unknown}
 m - a potion of heal wounds {unknown}
 n - a potion of haste {unknown}
 p - a potion of flight {unknown}
 q - a potion of invisibility {unknown}
Comestibles
 c - 4 rations


   Skills:
 * Level 0.9 Fighting
 + Level 0.1 Short Blades
 * Level 0.4 Armour
 + Level 2.1 Dodging
 - Level 1.6 Stealth
 * Level 1.9 Spellcasting
 * Level 1.2 Conjurations
 * Level 3.9 Fire Magic


You had 4 spell levels left.
You knew the following spells:

 Your Spells              Type           Power        Failure   Level  Hunger
a - Flame Tongue          Conj/Fire      #....        8%          1    #......

Your spell library contained the following spells:

 Spells                   Type           Power        Failure   Level  Hunger
 Throw Flame              Conj/Fire      #.....       11%         2    ###....
 Conjure Flame            Conj/Fire      #.......     22%         3    ###....
 Inner Flame              Hex/Fire       #.......     28%         3    ###....
 Sticky Flame             Conj/Fire      #.......     58%         4    #####..
 Fireball                 Conj/Fire      #.........   90%         5    ######.


Dungeon Overview and Level Annotations

Branches:
Dungeon (2/15)

Altars:
Nemelex Xobeh


Message History

The bullfrog skeleton hits you but does no damage.
Casting: Flame Tongue (safe; 8% risk of failure)
Confirm with . or Enter, or press ? or * to list all spells.
You don't have enough magic to cast that spell.
Unknown command.
You barely miss the bullfrog skeleton.
The bullfrog skeleton is severely damaged.
The bullfrog skeleton hits you.
You hit the bullfrog skeleton.
The bullfrog skeleton is severely damaged.
The bullfrog skeleton closely misses you.
The bullfrog skeleton hits you.
You barely miss the bullfrog skeleton.
The bullfrog skeleton is severely damaged.
The bullfrog skeleton hits you.
* * * LOW HITPOINT WARNING * * *
You barely miss the bullfrog skeleton.
The bullfrog skeleton is severely damaged.
The bullfrog skeleton hits you!
You die...

######### #####........
#...@........
#.#Z#.#.#.#. #.#.#.#.# .#
. #.#.#.#.#.# ..# ..
###.#.#.#.#.#..#
...#####....#.#.#.#.#..#
#.....................###
#.............###........
#......<.................


You could see a bullfrog skeleton.

Vanquished Creatures
  An ooze (D:2)
  A dart slug (D:1)
  A leopard gecko (D:1)
  A giant cockroach (D:1)
  5 hobgoblins
  4 jackals (D:1)
  5 kobolds
  A quokka (D:2)
  6 bats
  6 goblins
  4 rats
35 creatures vanquished.

Notes
Turn   | Place    | Note
-------+----------+-------------------------------------------
     0 | D:1      | Bronimir the Hill Orc Fire Elementalist began the quest for
                  | the Orb.
     0 | D:1      | Reached XP level 1. HP: 14/14 MP: 3/3
   138 | D:1      | Reached XP level 2. HP: 13/20 MP: 0/4
  1299 | D:2      | Found a sparkling altar of Nemelex Xobeh.
  1308 | D:1      | Reached XP level 3. HP: 24/26 MP: 1/5
  2116 | D:2      | Slain by a bullfrog skeleton

Levels and vault maps discovered:
D:1:      wander_arrival_chamber, layout_rooms
D:2:      layout_rooms, nemelex_xobeh_ov_fountains_minmay, first_ration,
          minmay_misc_feat_rows, chequers_jeans

Skill      XL: |  1  2  3 |
---------------+----------+-----
Dodging        | 2 |  2.1
Fighting       | |  0.9
Short Blades   | |  0.1
Armour         | |  0.4
Stealth        | |  1.6
Spellcasting   | |  1.9
Conjurations   | |  1.2
Fire Magic     | |  3.9

Action                   || total
-------------------------++-------
Melee: Dagger            ||    94
       Unarmed           ||     6
 Cast: Flame Tongue      ||    51
  Eat: Chunk             ||     5
Armor: Robe              ||    62
Dodge: Dodged            ||   162
